 Dungeon Crawl Stone Soup version 0.31-a0-1009-g454b1f1e0a (webtiles) character file.

Game seed: 4409911707891213588

22879 ChronoRanger the Severer (level 13, -3/122 HPs)
             Began as a Hill Orc Berserker on Nov 14, 2023.
             Was a High Priest of Trog.
             Slain by a culicivora (9 damage)
             ... on level 3 of the Lair of Beasts.
             The game lasted 00:28:43 (13533 turns).

ChronoRanger the Severer (Hill Orc Berserker)      Turns: 13533, Time: 00:28:44

Health: -3/122     AC: 21    Str: 25    XL:     13   Next: 3%
Magic:  13/13      EV:  9    Int:  7    God:    Trog [*****.]
Gold:   524        SH:  0    Dex: 10    Spells: 12/12 levels left

rFire   . . .        B - +0 executioner's axe
rCold   . . .        (shield currently unavailable)
rNeg    . . .        H - +2 chain mail {rPois}
rPois   +            h - +0 helmet
rElec   .            G - +0 cloak {Stlth+}
rCorr   .            s - +0 pair of gloves
SInv    .            n - +1 pair of boots
Will    +....        (no amulet) Stlth
                     d - ring of willpower
HPRegen 0.40/turn    (no ring)
MPRegen 0.13/turn

%: no passive effects
@: mighty, marked, on berserk cooldown, slowed, very slow
A: no striking features
a: Renounce Religion, Berserk, Trog's Hand, Brothers in Arms


You were on level 3 of the Lair of Beasts.
You worshipped Trog.
Trog was extremely pleased with you.
You visited 2 branches of the dungeon, and saw 12 of its levels.

You collected 788 gold pieces.
You spent 264 gold pieces at shops.

Inventory:

Hand Weapons
 m - a +2 demon whip of draining
 B - a +0 executioner's axe (weapon)
Armour
 h - a +0 helmet (worn)
 n - a +1 pair of boots (worn)
 o - a +0 plate armour
 s - a +0 pair of gloves (worn)
 G - a +0 cloak of stealth (worn)
 H - a +2 chain mail of poison resistance (worn)
Jewellery
 d - a ring of willpower (left hand)
Wands
 a - a wand of polymorph (7)
 t - a wand of paralysis (6)
 x - a wand of flame (39)
 y - a wand of digging (7)
 C - a wand of mindburst (25)
Scrolls
 b - 2 scrolls of enchant weapon {unknown}
 c - a scroll of immolation
 f - 2 scrolls of revelation
 g - a scroll of blinking {unknown}
 k - a scroll of acquirement {unknown}
 l - a scroll of fear
 r - a scroll of poison {unknown}
 w - 2 scrolls of fog
 F - 2 scrolls of vulnerability {unknown}
Potions
 e - 6 potions of might
 i - 2 potions of haste
 j - 2 potions of resistance
 p - 2 potions of mutation
 v - 2 potions of berserk rage
 z - a potion of enlightenment
 E - a potion of lignification


   Skills:
 - Level 13.0 Fighting
 * Level 19.6(19.7) Axes
 - Level 2.5(11.2) Maces & Flails
 - Level 11.8 Armour
 - Level 1.5 Dodging


You had 12 spell levels left.
You didn't know any spells.
Your spell library was empty.

Dungeon Overview and Level Annotations

Branches:
Dungeon (9/15)             Temple (0/1) D:7            Lair (2/5) D:8
    Orc (0/2) D:9
  Swamp: Lair:2-3    Shoals: Lair:2-3     Snake: Lair:2-3    Spider: Lair:2-3

Altars:
Fedhas
Nemelex Xobeh
Uskayaw
Wu Jian

Shops:
D:2 *   D:6 :   D:7 *   D:9 !

Annotations:
Lair:1 exclusion: oklob plant


Message History

The basilisk gazes at you. You resist with almost no effort.
Your ogre goes berserk!
The basilisk gazes at you.
Your ogre is moving more slowly.
What are your orders? t - Shout!
Orders for allies: a - Attack new target. r - Retreat! s - Stop attacking. g - Guard the area. f - Follow me.
Anything else - Cancel.
Gang up on whom?
Press: ? - help, Dir - move target, f - culicivora
Aim: a culicivora Attack!
Your ogre stops moving altogether!
Something claws your ogre! x2
The culicivora bites you but does no damage.
A basilisk comes into view.
The culicivora closely misses you.
You completely miss the culicivora.
Something claws your ogre but does no damage.
Something claws your ogre. The culicivora bites you!
* * * LOW HITPOINT WARNING * * *
The culicivora draws strength from your injuries!
The basilisk bites your ogre!
A dream sheep comes into view.
You feel very mighty all of a sudden. The culicivora closely misses you.
Something claws your ogre! x2
The culicivora bites you but does no damage.
The basilisk bites your ogre. Something claws your ogre!
Something claws your ogre.
A catoblepas comes into view.
The culicivora completely misses you.
A blink frog comes into view.
You barely miss the culicivora. Something claws your ogre!
Your ogre dies!
Your ogre's corpse disappears in a puff of smoke!
The culicivora bites you!
You die...

#.#~.....#
~~~~~....#
~.~~.....#
.........# ###
..........##.##
......PP.YY...##
##....P(.......###
#...F...##...P#s@#
.............l§###
..†##....#^.....#
....#...###....##
....#..#..#l.###
#..#..##...[.##
.#.##..#.F....#
#.###.....#..##
.#.........#.#


You could see a catoblepas, a culicivora, 2 basilisks, a blink frog and a dream
sheep.

Vanquished Creatures
  Harold (D:9)
  A catoblepas (Lair:1)
  Sonja (Lair:1)
  2 skysharks
  Pikel (D:4)
  7 elephants
  A black mamba (Lair:2)
  Maurice (D:9)
  Jeremiah (D:8)
  3 cane toads
  A kobold demonologist (D:9)
  A rime drake (Lair:2)
  3 komodo dragons
  A troll (D:9)
  Prince Ribbit (D:7)
  7 blink frogs
  Grinder (D:4)
  4 culicivoras (Lair:3)
  A wraith (D:9)
  25 yaks
  A wyvern (Lair:1)
  6 basilisks
  A steam dragon (D:9)
  Grum (Lair:1)
  Edmund (D:4)
  9 water moccasins
  8 orc warriors
  4 ice beasts
  3 black bears
  4 centaurs
  16 wolves
  A phantom (D:5)
  2 lemures
  2 kobold brigands (D:9)
  5 bullfrogs
  A gnoll sergeant (D:6)
  3 scorpions
  4 wights (D:6)
  7 killer bees (D:9)
  10 orc priests
  2 hounds
  5 jellies
  A gnoll bouda (D:7)
  An iguana (D:5)
  A sleepcap (D:4)
  Ijyb (D:5)
  14 orc wizards
  5 hell rats (Lair:2)
  13 gnolls
  8 adders
  A white imp (D:7)
  6 ufetubi
  2 worms (D:3)
  3 dart slugs
  54 orcs
  4 endoplasms
  3 giant cockroaches (D:2)
  6 goblins
  8 hobgoblins
  2 quokkas (D:1)
  4 ball pythons
  4 bats
  5 frilled lizards
  14 kobolds
  5 rats
325 creatures vanquished.

Notes
Turn   | Place    | Note
-------+----------+-------------------------------------------
     0 | D:1      | ChronoRanger the Hill Orc Berserker began the quest for the
                  | Orb.
     0 | D:1      | Reached XP level 1. HP: 19/19 MP: 1/1
   300 | D:1      | Reached XP level 2. HP: 21/27 MP: 2/2
  1038 | D:2      | Reached XP level 3. HP: 25/32 MP: 3/3
  1075 | D:2      | Found a sparkling altar of Nemelex Xobeh.
  1164 | D:2      | Reached ** piety under Trog
  1261 | D:2      | Reached skill level 5 in Axes
  1285 | D:2      | Found Daumn's Assorted Antiques.
  2149 | D:3      | Reached XP level 4. HP: 40/40 MP: 4/4
  2310 | D:3      | Reached XP level 5. HP: 43/47 MP: 5/5
  2312 | D:3      | Reached skill level 6 in Axes
  2815 | D:4      | Noticed Grinder
  2846 | D:4      | Paralysed by Grinder for 2 turns
  2851 | D:4      | Killed Grinder
  2852 | D:4      | Reached skill level 5 in Fighting
  2852 | D:4      | Reached skill level 7 in Axes
  2852 | D:4      | Reached XP level 6. HP: 56/56 MP: 6/6
  2960 | D:4      | Noticed Pikel
  3190 | D:4      | Reached XP level 7. HP: 61/61 MP: 7/7
  3294 | D:4      | Reached *** piety under Trog
  3318 | D:4      | Reached skill level 8 in Axes
  3442 | D:4      | Killed Pikel
  3443 | D:4      | Reached skill level 9 in Axes
  3443 | D:4      | Reached skill level 5 in Armour
  3443 | D:4      | Reached XP level 8. HP: 48/71 MP: 8/8
  3659 | D:4      | Noticed Edmund
  3678 | D:4      | Killed Edmund
  3822 | D:5      | Entered Level 5 of the Dungeon
  3999 | D:5      | Reached skill level 10 in Axes
  4174 | D:5      | Noticed Ijyb
  4194 | D:5      | Killed Ijyb
  4552 | D:5      | Found an ornate altar of the Wu Jian Council.
  4653 | D:5      | Found a hide-covered altar of Uskayaw.
  4750 | D:6      | Reached skill level 11 in Axes
  4750 | D:6      | Reached XP level 9. HP: 72/79 MP: 9/9
  4900 | D:6      | Found Dood's Book Shop.
  5269 | D:6      | Identified the +3 dagger "Unocs" {heavy, rElec rC- rCorr
                  | Int+5}
  5560 | D:6      | Reached skill level 12 in Axes
  5616 | D:6      | Reached **** piety under Trog
  6209 | D:7      | Found a blossoming altar of Fedhas.
  6211 | D:7      | Found a staircase to the Ecumenical Temple.
  6464 | D:7      | Found Vopnog's Assorted Antiques.
  6729 | D:7      | Noticed Prince Ribbit
  6744 | D:7      | Killed Prince Ribbit
  6745 | D:7      | Reached skill level 13 in Axes
  6982 | D:8      | Reached XP level 10. HP: 91/91 MP: 10/10
  7034 | D:8      | Noticed an elephant
  7035 | D:8      | Found a staircase to the Lair.
  7045 | D:8      | Killed an elephant
  7261 | D:8      | Reached skill level 14 in Axes
  7383 | D:8      | Noticed Jeremiah
  7444 | D:8      | Killed Jeremiah
  8204 | D:8      | Reached skill level 10 in Fighting
  8684 | D:9      | Noticed Harold
  8700 | D:9      | Killed Harold
  8701 | D:9      | Reached skill level 15 in Axes
  8889 | D:9      | Found Oqicyusa's Distillery.
  8895 | D:9      | Reached XP level 11. HP: 101/101 MP: 11/11
  8897 | D:9      | Bought a potion of lignification for 33 gold pieces
  8897 | D:9      | Bought a potion of berserk rage for 55 gold pieces
  8897 | D:9      | Bought a potion of might for 44 gold pieces
  8897 | D:9      | Bought 2 potions of curing for 66 gold pieces
  8897 | D:9      | Bought a potion of heal wounds for 55 gold pieces
  8897 | D:9      | Bought a potion of degeneration for 11 gold pieces
  9080 | D:9      | Reached ***** piety under Trog
  9331 | D:9      | Found a staircase to the Orcish Mines.
  9381 | D:9      | Noticed Maurice
  9407 | D:9      | Reached skill level 16 in Axes
  9417 | D:9      | Maurice stole a +5 flail of protection
  9419 | D:9      | Something stole 345 gold
  9444 | D:9      | Killed Maurice
 10075 | Lair:1   | Entered Level 1 of the Lair of Beasts
 10077 | Lair:1   | Noticed an oklob plant
 10086 | Lair:1   | Reached skill level 10 in Armour
 10099 | Lair:1   | HP: 5/153 [yak (10)]
 10107 | Lair:1   | HP: 1/102 [water moccasin (4)]
 10362 | Lair:1   | Noticed a catoblepas
 10383 | Lair:1   | Killed a catoblepas
 10661 | Lair:1   | Reached skill level 17 in Axes
 11206 | Lair:1   | Noticed Sonja
 11224 | Lair:1   | Killed Sonja
 11451 | Lair:1   | Noticed Grum
 11467 | Lair:1   | Reached XP level 12. HP: 51/112 MP: 12/12
 11469 | Lair:1   | Killed Grum
 12156 | Lair:2   | Noticed a skyshark
 12165 | Lair:2   | Killed a skyshark
 12283 | Lair:2   | Reached skill level 18 in Axes
 12305 | Lair:2   | HP: 5/103 [hell rat (1)]
 13011 | Lair:2   | Reached skill level 1 in Maces & Flails
 13024 | Lair:2   | Received a gift from Trog
 13258 | Lair:2   | You fall into a shaft and drop 1 floor!
 13259 | Lair:3   | Noticed a skyshark
 13274 | Lair:3   | Reached skill level 19 in Axes
 13274 | Lair:3   | Killed a skyshark
 13489 | Lair:3   | Reached XP level 13. HP: 46/122 MP: 13/13
 13531 | Lair:3   | HP: 5/122 [culicivora (15)]
 13533 | Lair:3   | Slain by a culicivora

Illustrated notes

Levels and vault maps discovered:
D:1:      sevenhm_arrival_forest_fort_large_4, layout_basic, kennysheep_boxes
D:2:      minmay_door_path, layout_loops_corners, serial_shops,
          nicolae_shop_gibbet_a_chance, minmay_hexomino_r4
D:3:      layout_basic
D:4:      layout_rooms, uniq_edmund, uniq_grinder, uniq_pikel
D:5:      layout_loops_cross, kennysheep_mini_moat,
          nicolae_overflow_hidden_temple, uniq_ijyb
D:6:      layout_layer_cave, serial_shops, nicolae_shop_hallway_plus,
          minmay_checkerbox
D:7:      layout_rooms, fedhas_bush_and_centaur_altar,
          minmay_temple_entry_statues_pillars, serial_shops, shop, hex_large,
          kennysheep_generic_room_15, uniq_prince_ribbit1
D:8:      layout_basic, david_lair_generic, uniq_jeremiah
D:9:      layout_roguey, david_orc_4, serial_shops, shop,
          minmay_misc_feat_secret_circle, uniq_harold, uniq_maurice
Lair:1:   layout_cave_pods, nicolae_volcano_entry_s_turn, serial_forest,
          infiniplex_forest_clump_diagonal, infiniplex_forest_corner_1,
          infiniplex_forest_straight_4, infiniplex_forest_lined_4_way,
          infiniplex_forest_lined_ring, infiniplex_forest_lined_3,
          infiniplex_forest_straight_4, st_stairs_9, evilmike_ambush
          [evilmike_ambush_outer_corners, evilmike_ambush_inner_cross],
          serial_bayou_shore_b, uniq_grum, uniq_sonja
Lair:2:   layout_loops_ring, grunt_megastairs_1
Lair:3:   layout_cave_shapes, nicolae_shoals_entry_roost,
          hellmonk_spider_entry_life_and_decay, lemuel_fruit_tree

Skill      XL: |  1  2  3  4  5  6  7  8  9 10 11 12 |
---------------+-------------------------------------+-----
Fighting       | 4 5 6 7 9 10 11 13 | 13.0
Axes           | 5 7 9 11 13 15 17 19 | 19.6
Armour         | 3 4 5 6 7 9 10 11 | 11.8
Maces & Flails | 2 |  2.5
Dodging        | |  1.5

Action                     |  1- 3 |  4- 6 |  7- 9 | 10-12 | 13-15 || total
---------------------------+-------+-------+-------+-------+-------++-------
  Melee: Hand axe          |   155 |   138 |   110 |       |       ||   403
         Punch             |       |     1 |     3 |     1 |       ||     5
         War axe           |       |       |   141 |       |       ||   141
         Battleaxe         |       |       |    58 |   513 |       ||   571
         Demon whip        |       |       |       |    42 |       ||    42
         Executioner's axe |       |       |       |    39 |    17 ||    56
 Invoke: Berserk           |       |     4 |     4 |    11 |     1 ||    20
         Brothers in Arms  |       |       |       |     1 |     1 ||     2
    Use: Scroll            |     1 |     2 |     5 |    10 |     1 ||    19
         Potion            |       |       |     3 |     7 |     1 ||    11
 Armour: Animal skin       |     6 |       |       |       |       ||     6
         Ring mail         |    36 |       |       |       |       ||    36
         Scale mail        |    32 |       |       |       |       ||    32
         Chain mail        |    23 |   113 |   176 |   375 |    14 ||   701
         Skin              |       |       |    15 |       |       ||    15
         Plate armour      |       |       |   108 |   213 |       ||   321
  Dodge: Dodged            |    86 |    56 |   139 |   237 |     7 ||   525

Table legend: (Time is in decaauts)
 A = Elapsed time spent in this place.
 B = Non-inter-level travel time spent in this place.
 C = Inter-level travel time spent in this place.
 D = Time resting spent in this place.
 E = Time spent auto-exploring this place.
 F = Levels seen in this place.
 G = Mean time per level.
                   A        B        C        D        E       F      G
               +--------+--------+--------+--------+--------+-----+--------+
         Total |  13601 |  13113 |    488 |   2379 |   8310 |  12 | 1133.4 |
       Dungeon |  10153 |   9701 |    452 |    984 |   6834 |   9 | 1128.1 |
          Lair |   3447 |   3411 |     36 |   1395 |   1475 |   3 | 1149.0 |
               +--------+--------+--------+--------+--------+-----+--------+

Top non-repeatable levels by time:
  Lair:1: 2075 daAuts
     D:8: 1656 daAuts
     D:9: 1485 daAuts
     D:6: 1440 daAuts
     D:2: 1144 daAuts
  Lair:2: 1090 daAuts
     D:3: 1013 daAuts
     D:1: 938 daAuts
     D:5: 907 daAuts
     D:7: 793 daAuts
     D:4: 773 daAuts
  Lair:3: 282 daAuts
